 Dungeon Crawl Stone Soup version 0.29.1-15-g9cfb28693d (webtiles) character file.

Game seed: 13860651419015338417

44 Ast3rio the Chopper (level 3, 0/33 HPs)
             Began as a Hill Orc Monk on Mar 14, 2023.
             Slain by a hobgoblin (1 damage)
             ... led by Robin
             ... on level 2 of the Dungeon.
             The game lasted 00:01:40 (1505 turns).

Ast3rio the Chopper (Hill Orc Monk)                 Turns: 1505, Time: 00:01:40

Health: 0/33       AC:  2    Str: 15    XL:     3   Next: 60%
Magic:  3/3        EV: 12    Int: 10    God:
Gold:   46         SH:  0    Dex: 13    Spells: 2/2 levels left

rFire   . . .      SeeInvis .   a - +0 hand axe
rCold   . . .      Faith    .   (no shield)
rNeg    . . .      Spirit   .   b - +0 robe
rPois   .          Reflect  .   (no helmet)
rElec   .          Harm     .   (no cloak)
rCorr   .          Rampage  .   (no gloves)
Will    .....                   (no boots)
Stlth   ++........              (no amulet)
HPRegen 0.11/turn               (no ring)
MPRegen 0.08/turn               (no ring)

@: no status effects
A: no striking features
a: no special abilities


You were on level 2 of the Dungeon.
You visited 1 branch of the dungeon, and saw 2 of its levels.

You collected 46 gold pieces.

Inventory:

Hand Weapons
 a - a +0 hand axe (weapon)
Armour
 b - a +0 robe (worn)
Jewellery
 h - an amulet of faith
Scrolls
 d - a scroll of enchant armour {unknown}
 g - a scroll of poison {unknown}
Potions
 e - a potion of attraction {unknown}
 f - 2 potions of might {unknown}
 i - 2 potions of brilliance {unknown}


   Skills:
 + Level 4.3 Fighting
 + Level 4.8 Axes
 + Level 2.7 Dodging
 + Level 1.8 Stealth


You had 2 spell levels left.
You didn't know any spells.
Your spell library contained the following spells:

 Spells                   Type           Power      Damage    Failure   Level
 Shock                    Conj/Air       0%         1d3       36%         1


Dungeon Overview and Level Annotations

Branches:
Dungeon (2/15)

Altars:

Annotations:
D:2 Robin


Message History

You feel less invigorated.
You feel less confused. The goblin hits you but does no damage.
You hit the goblin.
The goblin is moderately wounded.
You miss the goblin. You closely miss the rat.
The goblin hits you with a +0 club. The rat barely misses you.
Robin throws the goblin at you! The goblin hits you with a +0 club.
The goblin hits you with a +0 dagger.
* * * LOW HITPOINT WARNING * * *
You hit the goblin.
You kill the goblin!
You hit the goblin.
You kill the goblin!
You hit the rat.
You kill the rat!
You hit the goblin. The goblin barely misses you.
You hit Robin.
Robin is moderately wounded.
You hit the hobgoblin. You closely miss the goblin.
The hobgoblin barely misses you. Robin throws the goblin at you!
* * * LOW HITPOINT WARNING * * *
The goblin hits you with a +0 dagger.
* * * LOW HITPOINT WARNING * * *
You hit Robin but do no damage.
Robin is moderately wounded.
You barely miss the hobgoblin. You hit the goblin.
You kill the goblin!
The hobgoblin no longer looks unusually strong.
The hobgoblin closely misses you.
Robin roars a battlecry!
The hobgoblin goes into a battle-frenzy!
You hit Robin.
Robin is heavily wounded.
You hit the hobgoblin. The hobgoblin hits you.
* * * LOW HITPOINT WARNING * * *
Robin drinks a potion.
Robin is healed!
You completely miss Robin. You hit the hobgoblin but do no damage.
The hobgoblin hits you.
You die...

#..... #....
....## .....
+######...##
......#....#
......)gg.#
#@# #)# #.#
#<# ###


You could see Robin and a hobgoblin (strong).

Vanquished Creatures
  2 ball pythons (D:1)
  5 endoplasms (D:1)
  A giant cockroach (D:1)
  10 goblins
  4 hobgoblins
  5 quokkas (D:1)
  A bat (D:1)
  4 frilled lizards
  A kobold (D:1)
  5 rats
38 creatures vanquished.

Notes
Turn   | Place    | Note
-------+----------+-------------------------------------------
     0 | D:1      | Ast3rio the Hill Orc Monk began the quest for the Orb.
     0 | D:1      | Reached XP level 1. HP: 19/19 MP: 1/1
   273 | D:1      | Reached XP level 2. HP: 26/27 MP: 2/2
   317 | D:1      | Found a faded altar of an unknown god.
   334 | D:1      | Got Plato's Parchment of Conjuring
   923 | D:1      | Reached XP level 3. HP: 22/33 MP: 3/3
  1481 | D:2      | Noticed Robin
  1504 | D:2      | HP: 1/33 [hobgoblin[Robin] (2)]
  1505 | D:2      | Slain by a hobgoblin

Illustrated notes

Levels and vault maps discovered:
D:1:      eino_arrival_water_cross, layout_loops_corners,
          shapermc_ecumenical_altar_rom_forum
D:2:      layout_basic, chequers_serial_rivers_large_a,
          kennysheep_generic_room_10, uniq_robin, uniq_jessica

Skill      XL: |  1  2 |
---------------+-------+-----
Fighting       | 4 |  4.3
Axes           | |  4.8
Dodging        | |  2.7
Stealth        | |  1.8

Action                   || total
-------------------------++-------
Melee: Hand axe          ||    94
       Punch             ||     1
  Use: Potion            ||     1
 Stab: Sleeping          ||     5
Armor: Robe              ||    17
Dodge: Dodged            ||    84
